| TOP OF THE 1ST |
|
Miami (APP) Marlins batting - Pitching for Ogden Raptors : RHP Charles Durand
|
|
Pitching: RHP Charles Durand
|
|
|
Batting: LHB David Doge
|
0-0: Ball 1-0: Called Strike 1-1: Foul Ball, location: 2F 1-2: Ball 2-2: Foul Ball, location: 2F 2-2: Foul Ball, location: 2F 2-2: SINGLE (Flyball, 6D, EV 91.2 MPH)
|
|
Batting: RHB Boof Howell
|
0-0: Ball 1-0: Ball 2-0: Foul Ball, location: 2F 2-1: Foul Ball, location: 2F 2-2: Foul Ball, location: 2F 2-2: Foul Ball, location: 2F 2-2: Ball 3-2: Fly out, F8 (Flyball, 8LD, EV 105.0 MPH) Runner from 1st tags up, SAFE at 2nd
|
|
Batting: RHB Akira Suzuki
|
0-0: Ball 1-0: Swinging Strike 1-1: Foul Ball, location: 2F 1-2: Ball Wild Pitch! David Doge to third 2-2: Strikes out swinging
|
|
Batting: RHB Torquato Obawole
|
0-0: Foul Ball, location: 2F 0-1: Ball 1-1: Foul Ball, location: 2F 1-2: Ball 2-2: Ball 3-2: Ground out 5-3 (Groundball, 56, EV 83.1 MPH)
|
| Top of the 1st over - 0 runs, 1 hit, 0 errors, 1 left on base; Miami (APP) 0 - Ogden 0 |
| BOTTOM OF THE 1ST |
|
Ogden Raptors batting - Pitching for Miami (APP) Marlins : LHP Jeff Tavella
|
|
Pitching: LHP Jeff Tavella
|
|
|
Batting: SHB Jason Todd
|
0-0: Ball 1-0: Ground out 6-3 (Groundball, 6, EV 85.0 MPH)
|
|
Batting: LHB Tore Bosch
|
0-0: Ball 1-0: Ball 2-0: Fly out, F9 (Line Drive, 9LS, EV 89.4 MPH)
|
|
Batting: RHB Alex Mejia
|
0-0: Called Strike 0-1: Ball 1-1: Ball 2-1: Ball 3-1: Ground out 6-3 (Groundball, 6, EV 85.6 MPH)
|
| Bottom of the 1st over - 0 runs, 0 hits, 0 errors, 0 left on base; Miami (APP) 0 - Ogden 0 |
| TOP OF THE 2ND |
|
Miami (APP) Marlins batting - Pitching for Ogden Raptors : RHP Charles Durand
|
|
Batting: RHB Jim Fisher
|
0-0: Ground out 1-3 (Groundball, 34S, EV 76.2 MPH)
|
|
Batting: LHB Danny Treto
|
0-0: Called Strike 0-1: Ball 1-1: Foul Ball, location: 2F 1-2: Strikes out swinging
|
|
Batting: RHB George Boivin
|
0-0: Called Strike 0-1: Ball 1-1: Ground out 5-3 (Groundball, 56, EV 101.9 MPH)
|
| Top of the 2nd over - 0 runs, 0 hits, 0 errors, 0 left on base; Miami (APP) 0 - Ogden 0 |
| BOTTOM OF THE 2ND |
|
Ogden Raptors batting - Pitching for Miami (APP) Marlins : LHP Jeff Tavella
|
|
Batting: LHB Stephen Van Raalte
|
0-0: Ball 1-0: Ball 2-0: Ball 3-0: Called Strike 3-1: Called Strike 3-2: Foul Ball, location: 2F 3-2: Foul Ball, location: 2F 3-2: Ground out 6-3 (Groundball, 4, EV 103.8 MPH)
|
|
Batting: LHB Steve Pond
|
0-0: Ground out 3-1 (Groundball, 34S, EV 90.0 MPH)
|
|
Batting: SHB Guy Jerome
|
0-0: Called Strike 0-1: Swinging Strike 0-2: Ball 1-2: SINGLE (Groundball, 56S, EV 81.2 MPH) (infield hit)
|
|
Batting: LHB Kevin Wiebe
|
0-0: Ball 1-0: Ball 2-0: Swinging Strike 2-1: Called Strike 2-2: Ball 3-2: Foul Ball, location: 2F 3-2: Strikes out swinging
|
| Bottom of the 2nd over - 0 runs, 1 hit, 0 errors, 1 left on base; Miami (APP) 0 - Ogden 0 |
| TOP OF THE 3RD |
|
Miami (APP) Marlins batting - Pitching for Ogden Raptors : RHP Charles Durand
|
|
Batting: SHB Greg Rivera
|
0-0: Ball 1-0: SINGLE (Groundball, 34D, EV 103.1 MPH)
|
|
Batting: RHB Keith Bennett
|
0-0: Foul Ball, location: 2F 0-1: Ball 1-1: Foul Ball, location: 2F 1-2: Ball Wild Pitch! Greg Rivera to second 2-2: Ground out 1-3 (Groundball, 13, EV 64.4 MPH) Greg Rivera to third
|
|
Batting: LHB David Doge
|
0-0: Ball 1-0: Ball 2-0: Ground out 6-3 (Groundball, 6M, EV 86.9 MPH) Greg Rivera scores
|
|
Batting: RHB Boof Howell
|
0-0: Foul Ball, location: 2F 0-1: Ball 1-1: Swinging Strike 1-2: Foul Ball, location: 2F 1-2: Ball 2-2: Fly out, F6 (Line Drive, 6, EV 69.4 MPH)
|
| Top of the 3rd over - 1 run, 1 hit, 0 errors, 0 left on base; Miami (APP) 1 - Ogden 0 |
| BOTTOM OF THE 3RD |
|
Ogden Raptors batting - Pitching for Miami (APP) Marlins : LHP Jeff Tavella
|
|
Batting: LHB Antonio Luis
|
0-0: Called Strike 0-1: Ball 1-1: Ball 2-1: SINGLE (Groundball, 4MD, EV 98.1 MPH)
|
|
Batting: RHB Bob Magana
|
0-0: Called Strike 0-1: Ball 1-1: Called Strike 1-2: Ball 2-2: Foul Ball, location: 2F 2-2: Strikes out looking
|
|
Batting: SHB Jason Todd
|
0-0: Called Strike 0-1: Ball 1-1: Ball 2-1: Ball Wild Pitch! Antonio Luis to second 3-1: Foul Ball, location: 2F 3-2: Strikes out swinging
|
|
Batting: LHB Tore Bosch
|
0-0: Ball 1-0: Ball 2-0: Swinging Strike 2-1: SINGLE (Line Drive, 9S, EV 106.2 MPH) Antonio Luis to third
|
|
Batting: RHB Alex Mejia
|
0-0: 3-RUN HOME RUN (Flyball, 7D, EV 99.4 MPH), Distance : 401 ft
|
|
Batting: LHB Stephen Van Raalte
|
0-0: Ball 1-0: Ball 2-0: Fly out, F8 (Line Drive, 8RS, EV 99.4 MPH)
|
| Bottom of the 3rd over - 3 runs, 3 hits, 0 errors, 0 left on base; Miami (APP) 1 - Ogden 3 |
| TOP OF THE 4TH |
|
Miami (APP) Marlins batting - Pitching for Ogden Raptors : RHP Charles Durand
|
|
Batting: RHB Akira Suzuki
|
0-0: Ball 1-0: Ball 2-0: Foul Ball, location: 2F 2-1: Ground out 5-3 (Groundball, 5, EV 81.2 MPH)
|
|
Batting: RHB Torquato Obawole
|
0-0: Called Strike 0-1: Ball 1-1: Foul Ball, location: 2F 1-2: SINGLE (Groundball, 34D, EV 103.8 MPH) (infield hit)
|
|
Batting: RHB Jim Fisher
|
0-0: Foul Ball, location: 2F 0-1: Fielders Choice at 2nd, 4-6 (Groundball, 4, EV 102.5 MPH)
|
|
Batting: LHB Danny Treto
|
0-0: Ball 1-0: Ball 2-0: Called Strike 2-1: Foul Ball, location: 2F 2-2: Foul Ball, location: 2F 2-2: SINGLE (Groundball, 56, EV 101.9 MPH) Jim Fisher to second
|
|
Batting: RHB George Boivin
|
0-0: Ground out U3 (Groundball, 34, EV 82.5 MPH)
|
| Top of the 4th over - 0 runs, 2 hits, 0 errors, 2 left on base; Miami (APP) 1 - Ogden 3 |
| BOTTOM OF THE 4TH |
|
Ogden Raptors batting - Pitching for Miami (APP) Marlins : LHP Jeff Tavella
|
|
Batting: LHB Steve Pond
|
0-0: Foul Ball, location: 2F 0-1: Swinging Strike 0-2: Ball 1-2: Ground out 3-1 (Groundball, 34, EV 101.2 MPH)
|
|
Batting: SHB Guy Jerome
|
0-0: Called Strike 0-1: Ball 1-1: Foul Ball, location: 2F 1-2: Strikes out swinging
|
|
Batting: LHB Kevin Wiebe
|
0-0: Ball 1-0: Foul Ball, location: 2F 1-1: Ball 2-1: Foul Ball, location: 2F 2-2: Ball 3-2: SOLO HOME RUN (Line Drive, 8RXD, EV 118.1 MPH), Distance : 489 ft
|
|
Batting: LHB Antonio Luis
|
0-0: Ball 1-0: Fly out, F9 (Flyball, 89M, EV 93.1 MPH)
|
| Bottom of the 4th over - 1 run, 1 hit, 0 errors, 0 left on base; Miami (APP) 1 - Ogden 4 |
| TOP OF THE 5TH |
|
Miami (APP) Marlins batting - Pitching for Ogden Raptors : RHP Charles Durand
|
|
Batting: SHB Greg Rivera
|
0-0: Ground out 6-3 (Groundball, 6M, EV 86.2 MPH)
|
|
Batting: RHB Keith Bennett
|
0-0: Hit by Pitch
|
|
Batting: LHB David Doge
|
0-0: Called Strike 0-1: Ball 1-1: Ball 2-1: Fielders Choice at 2nd, 5-4 (Groundball, 56, EV 107.5 MPH)
|
|
Batting: RHB Boof Howell
|
0-0: Ball David Doge is caught stealing 2nd base 2-4
|
| Top of the 5th over - 0 runs, 0 hits, 0 errors, 0 left on base; Miami (APP) 1 - Ogden 4 |
| BOTTOM OF THE 5TH |
|
Ogden Raptors batting - Pitching for Miami (APP) Marlins : LHP Jeff Tavella
|
|
Batting: RHB Bob Magana
|
0-0: Ball 1-0: Ground out U3 (Groundball, 34, EV 106.9 MPH)
|
|
Batting: SHB Jason Todd
|
0-0: Ball 1-0: Ball 2-0: Ball 3-0: Called Strike 3-1: Swinging Strike 3-2: Ground out 5-3 (Groundball, 56, EV 88.1 MPH)
|
|
Batting: LHB Tore Bosch
|
0-0: Ball 1-0: Called Strike 1-1: Foul Ball, location: 2F 1-2: Fly out, F9 (Line Drive, 89D, EV 108.1 MPH)
|
| Bottom of the 5th over - 0 runs, 0 hits, 0 errors, 0 left on base; Miami (APP) 1 - Ogden 4 |
| TOP OF THE 6TH |
|
Miami (APP) Marlins batting - Pitching for Ogden Raptors : RHP Charles Durand
|
|
Batting: RHB Boof Howell
|
0-0: Called Strike 0-1: Ball 1-1: Called Strike 1-2: Ball 2-2: Foul Ball, location: 2F 2-2: Strikes out looking
|
|
Batting: RHB Akira Suzuki
|
0-0: Fly out, F9 (Line Drive, 89M, EV 92.5 MPH)
|
|
Batting: RHB Torquato Obawole
|
0-0: Ball 1-0: Ball 2-0: Called Strike 2-1: SINGLE (Groundball, 6MD, EV 103.1 MPH)
|
|
Batting: RHB Jim Fisher
|
0-0: Ball 1-0: Ball 2-0: Ground out 4-3 (Groundball, 4, EV 78.8 MPH)
|
| Top of the 6th over - 0 runs, 1 hit, 0 errors, 1 left on base; Miami (APP) 1 - Ogden 4 |
| BOTTOM OF THE 6TH |
|
Ogden Raptors batting - Pitching for Miami (APP) Marlins : LHP Jeff Tavella
|
|
Batting: RHB Alex Mejia
|
0-0: Foul Ball, location: 2F 0-1: SOLO HOME RUN (Flyball, 7LD, EV 91.9 MPH), Distance : 348 ft
|
|
Batting: LHB Stephen Van Raalte
|
0-0: Ball 1-0: Ball 2-0: Called Strike 2-1: Ball 3-1: Ground out 6-3 (Groundball, 4M, EV 99.4 MPH)
|
|
Batting: LHB Steve Pond
|
0-0: Called Strike 0-1: Foul Ball, location: 2F 0-2: Strikes out looking
|
|
Batting: SHB Guy Jerome
|
0-0: Ball 1-0: Called Strike 1-1: Ball 2-1: Foul Ball, location: 2F 2-2: Ball 3-2: Ground out U3 (Groundball, 34, EV 85.6 MPH)
|
| Bottom of the 6th over - 1 run, 1 hit, 0 errors, 0 left on base; Miami (APP) 1 - Ogden 5 |
| TOP OF THE 7TH |
|
Miami (APP) Marlins batting - Pitching for Ogden Raptors : RHP Charles Durand
|
|
Batting: LHB Danny Treto
|
0-0: Called Strike 0-1: Swinging Strike 0-2: Foul Ball, location: 2F 0-2: Strikes out looking
|
|
Pitching: RHP Angel Rivas
|
|
|
Batting: RHB George Boivin
|
0-0: Swinging Strike 0-1: Swinging Strike 0-2: Ball 1-2: Strikes out swinging
|
|
Batting: SHB Greg Rivera
|
0-0: Ball 1-0: Ground out 6-3 (Groundball, 6, EV 88.1 MPH)
|
| Top of the 7th over - 0 runs, 0 hits, 0 errors, 0 left on base; Miami (APP) 1 - Ogden 5 |
| BOTTOM OF THE 7TH |
|
Ogden Raptors batting - Pitching for Miami (APP) Marlins : LHP Jeff Tavella
|
|
Pitching: RHP Felix Moreno
|
|
|
Batting: LHB Kevin Wiebe
|
0-0: Ball 1-0: Foul Ball, location: 2F 1-1: Foul Ball, location: 2F 1-2: Ball 2-2: Foul Ball, location: 2F 2-2: Ball 3-2: Foul Ball, location: 2F 3-2: Base on Balls
|
|
Batting: LHB Antonio Luis
|
0-0: Called Strike 0-1: Ball Wild Pitch! Kevin Wiebe to second 1-1: Ball 2-1: Ball 3-1: Foul Ball, location: 2F 3-2: Base on Balls
|
|
Batting: RHB Bob Magana
|
0-0: Ball 1-0: Swinging Strike 1-1: Foul Ball, location: 2F 1-2: Foul Ball, location: 2F 1-2: Ball 2-2: Foul Ball, location: 2F 2-2: Ball 3-2: Foul Ball, location: 2F 3-2: Strikes out looking
|
|
Batting: SHB Jason Todd
|
0-0: Ball 1-0: Ball 2-0: Called Strike 2-1: Foul Ball, location: 2F 2-2: Fielders Choice at 2nd, 3-6 (Groundball, 34S, EV 78.8 MPH) Kevin Wiebe to third
|
|
Batting: LHB Tore Bosch
|
0-0: Called Strike 0-1: DOUBLE (Line Drive, 78D, EV 113.8 MPH) Kevin Wiebe scores Jason Todd to third Runner from 3rd tries for Home, SAFE, throw by CF to trailing runner, OUT at third! 8-3-5
|
| Bottom of the 7th over - 2 runs, 1 hit, 0 errors, 0 left on base; Miami (APP) 1 - Ogden 7 |
| TOP OF THE 8TH |
|
Miami (APP) Marlins batting - Pitching for Ogden Raptors : RHP Angel Rivas
|
|
Batting: RHB Keith Bennett
|
0-0: Ball 1-0: Foul Ball, location: 2F 1-1: Ball 2-1: Reached on error, E6 (Groundball, 6M, EV 87.5 MPH)
|
|
Batting: LHB David Doge
|
0-0: Ball 1-0: Foul Ball, location: 2F 1-1: 2-RUN HOME RUN (Flyball, 78XD, EV 106.9 MPH), Distance : 418 ft
|
|
Batting: RHB Boof Howell
|
0-0: Ball 1-0: Foul Ball, location: 2F 1-1: SINGLE (Groundball, 56D, EV 110.0 MPH)
|
|
Batting: RHB Akira Suzuki
|
0-0: Foul Ball, location: 2F 0-1: Swinging Strike 0-2: Ball 1-2: Foul Ball, location: 2F 1-2: Ball Pickoff Throw to First - Out! 1-3 2-2: Ball 3-2: Fly out, F7 (Flyball, 7LS, EV 89.4 MPH)
|
|
Batting: RHB Torquato Obawole
|
0-0: Foul Ball, location: 2F 0-1: Ball 1-1: Swinging Strike 1-2: Ball 2-2: Strikes out swinging
|
| Top of the 8th over - 2 runs, 2 hits, 1 error, 0 left on base; Miami (APP) 3 - Ogden 7 |
| BOTTOM OF THE 8TH |
|
Ogden Raptors batting - Pitching for Miami (APP) Marlins : RHP Felix Moreno
|
|
Batting: RHB Alex Mejia
|
0-0: Ball 1-0: Ball 2-0: Swinging Strike 2-1: Called Strike 2-2: Strikes out swinging
|
|
Batting: LHB Stephen Van Raalte
|
0-0: SOLO HOME RUN (Flyball, 89XD, EV 114.4 MPH), Distance : 424 ft
|
|
Batting: LHB Steve Pond
|
0-0: Called Strike 0-1: Ball 1-1: Foul Ball, location: 2F 1-2: Strikes out looking
|
|
Batting: SHB Guy Jerome
|
0-0: Ground out 1-3 (Groundball, P, EV 63.8 MPH)
|
| Bottom of the 8th over - 1 run, 1 hit, 0 errors, 0 left on base; Miami (APP) 3 - Ogden 8 |
| TOP OF THE 9TH |
|
Miami (APP) Marlins batting - Pitching for Ogden Raptors : RHP Angel Rivas
|
|
Batting: RHB Jim Fisher
|
0-0: Ball 1-0: Swinging Strike 1-1: Ball 2-1: Swinging Strike 2-2: SINGLE (Groundball, 34D, EV 108.1 MPH)
|
|
Pitching: RHP Jared Wisham
|
|
|
Batting: LHB Danny Treto
|
0-0: Ball 1-0: Foul Ball, location: 2F 1-1: Called Strike 1-2: Foul Ball, location: 2F 1-2: Strikes out looking
|
|
Batting: RHB George Boivin
|
0-0: Foul Ball, location: 2F 0-1: Foul Ball, location: 2F 0-2: Ball 1-2: SINGLE (Groundball, 56D, EV 98.1 MPH) Jim Fisher to second
|
|
Batting: SHB Greg Rivera
|
0-0: DOUBLE (Flyball, 78XD, EV 97.5 MPH) Jim Fisher scores George Boivin to third
|
|
Pitching: LHP Bill Esten
|
|
|
Batting: RHB Keith Bennett
|
0-0: Swinging Strike 0-1: Foul Ball, location: 2F 0-2: Foul Ball, location: 2F 0-2: Ball 1-2: SINGLE (Line Drive, 8RS, EV 106.2 MPH) George Boivin scores Greg Rivera to third
|
|
Batting: LHB David Doge
|
0-0: Called Strike 0-1: Ball 1-1: Ball 2-1: Swinging Strike 2-2: Ball 3-2: Fly out, F9 (Flyball, 89XD, EV 95.6 MPH) Runner from 3rd tags up, SCORES, no throw by RF
|
|
Batting: RHB Boof Howell
|
0-0: Ball 1-0: Ball 2-0: Foul Ball, location: 2F 2-1: Foul Ball, location: 2F 2-2: Strikes out swinging
|
| Top of the 9th over - 3 runs, 4 hits, 0 errors, 1 left on base; Miami (APP) 6 - Ogden 8 |
|